[Event "GER-ch Youth-U14 2022"]
[Site "Willingen"]
[Date "2022.06.08"]
[Round "6.5"]
[White "Honisch, Alexander"]
[Black "Udelnov, Valentin"]
[Result "1-0"]
[ECO "C60"]
[WhiteElo "1878"]
[BlackElo "1901"]
[Annotator "TA"]
[PlyCount "79"]
[EventDate "2022.06.05"]
[EventType "swiss"]
[EventRounds "9"]
[EventCountry "GER"]
[SourceTitle "playchess.com"]
[Source "ChessBase"]
[SourceQuality "1"]
[TimeControl "40/4500+30:900+30"]

1. e4 e5 2. Nf3 Nc6 3. Bb5 g6 4. O-O Bg7 5. c3 d6 6. d4 Bd7 7. Be3 Nf6 {[%emt 0:00:00] C60: Ruy Lopez: Unusual Black 3rd moves and 3...g6.} 8. Nbd2 O-O 9. h3 {[%emt 0:04:58] [#]} (9. Bc4 $11) 9... Re8 $146 (9... Nxd4 $1 $17 10. Bxd7 (10. cxd4 Bxb5) 10... Nxf3+ 11. Qxf3 Qxd7) ({Predecessor:} 9... Nxd4 10. Bc4 Ne6 11. Re1 Nh5 12. Nf1 Kh8 13. Kh2 Qe8 14. Bd5 Bc6 15. c4 f5 16. b4 fxe4 17. N3d2 Nf6 18. Qb3 Bxd5 19. cxd5 Nd4 {0-1 (19) Kleinman,M (2289)-Javakhadze,Z (2470) Charlotte 2017}) 10. Bd3 Nh5 11. Re1 (11. Qb3 {keeps more tension.} b6 12. Rfd1 a5 13. a4) 11... Kh8 (11... a5 $11 {was preferrable.}) 12. Qc2 (12. Bc4 $16) 12... Qc8 13. dxe5 dxe5 14. Nc4 f5 15. Rad1 {[%emt 0:02:13] White is more active.} f4 16. Bc1 Bf6 17. Be2 Ng7 18. b4 b5 (18... Nd8 $14) 19. Nb2 $16 Rb8 20. a4 a6 21. axb5 axb5 22. Rd5 {[%emt 0:00:12] Hoping for Red1.} Ne7 $2 {[%emt 0:14:55] Black cannot hold the game after this.} (22... Nd8 $1 $14) 23. Rxe5 $18 Bxe5 24. Nxe5 Rf8 25. Nbd3 Ne6 $2 (25... Nc6 {was worth a try.} 26. Bxf4 Rxf4) 26. Bg4 Rb6 27. Nxd7 Qxd7 {[%emt 0:00:04] [#]} 28. Nxf4 Rxf4 (28... h5 29. Rd1) 29. Bxf4 h5 30. Be5+ Kh7 31. Be2 ({But not} 31. Rd1 Qe8 32. Be2 Rb7 $18) 31... Nc6 32. Bh2 Qf7 33. e5 Nf4 34. Bf1 Nd8 35. Qe4 Nde6 36. Re3 {[%emt 0:03:02] aiming for Rf3.} ({Not} 36. g3 Ng5 37. Qe3 (37. Qxf4 Nf3+ 38. Kh1 Qxf4 $11) 37... Qd5 $14) 36... Kh6 (36... Qf5 $142 37. Qxf5 gxf5 38. Bxf4 Nxf4) 37. g3 g5 38. gxf4 gxf4 39. Rf3 Ng5 40. Bxf4 {[%emt 0:01:00] Weighted Error Value: White=0.27 (precise) /Black=0.69} 1-0

[Event "GER-ch Youth-U14 2022"]
[Site "Willingen"]
[Date "2022.06.08"]
[Round "6.6"]
[White "Chinguun Sundui"]
[Black "Kempe, Caius Emilian"]
[Result "1/2-1/2"]
[ECO "C00"]
[WhiteElo "1731"]
[BlackElo "1973"]
[Annotator "TA"]
[PlyCount "87"]
[EventDate "2022.06.05"]
[EventType "swiss"]
[EventRounds "9"]
[EventCountry "GER"]
[SourceTitle "playchess.com"]
[Source "ChessBase"]
[SourceQuality "1"]
[TimeControl "40/4500+30:900+30"]

1. e4 e6 2. f4 d5 3. e5 c5 4. Nf3 Nc6 5. c3 Bd7 6. Na3 {[%emt 0:00:00][%cal Bb1a3,Ba3c2,Bc2e3][%mdl 32] C00: French: Unusual White 2nd moves.} f6 7. d4 (7. Be2 $11) 7... Nh6 ({Better is} 7... cxd4 $15 8. cxd4 fxe5 9. fxe5 (9. Nxe5 Nxe5 10. dxe5 Bc5 $15) 9... Bb4+ 10. Kf2 Nge7) 8. Nc2 $11 {[%emt 0:00:00] The position is equal.} Qb6 {[%emt 0:11:13] [#]} 9. a3 $146 ({Predecessor:} 9. Bd3 cxd4 10. cxd4 Nb4 11. Nxb4 Bxb4+ 12. Bd2 Bxd2+ 13. Qxd2 Bb5 14. O-O Bxd3 15. Qxd3 {0-1 (41) Lu,J (2068)-Wiebe,I (1997) Chess.com INT 2021}) 9... c4 10. Ne3 Ne7 (10... O-O-O $142) 11. g4 f5 12. gxf5 (12. h3 $11) 12... Nhxf5 13. Nxf5 Nxf5 14. Bh3 Ne7 15. Ng5 h6 16. Nf3 O-O-O 17. Qc2 g6 18. Bd2 Be8 19. O-O-O Bf7 20. Bg4 Rg8 21. h4 h5 22. Bh3 Rg7 23. Ng5 Bg8 24. Rhg1 Qa6 25. Kb1 Kd7 26. Ka2 Nc6 (26... Nf5 $11) 27. Nf3 {[%emt 0:04:34] White is more active.} (27. Rg2 $16) 27... Bf7 (27... Ne7 $1 $14) 28. Ng5 (28. Rg2 $1 $16) 28... Ke7 $2 (28... Bg8 $11) 29. Rg2 b5 30. Rdg1 b4 31. cxb4 Nxd4 32. Qd1 {[%emt 0:01:36] Really sharp!} ({Weaker is} 32. Qc3 Nf5 $16) 32... Be8 $2 (32... Bg8 33. Nf3 Nxf3 34. Qxf3 c3) 33. Bc3 Nf5 34. Bxf5 gxf5 35. Bd4 (35. b5 $142 Qxb5 36. Bb4+ Kd7 37. Bxf8 Qb3+ 38. Qxb3 cxb3+ 39. Kxb3 Rb8+ 40. Ka2) 35... Rc8 $18 36. Bc5+ Rxc5 37. bxc5 Qb5 38. Nf3 $2 (38. b4 $18) 38... Rxg2 $2 (38... Rg4 $11) 39. Rxg2 $16 {[%emt 0:00:00] Nd4 is the strong threat.} Qxc5 40. Qd4 Kd8 $2 (40... Qxd4 $16 {was worth a try.} 41. Nxd4 Kf7) 41. Ng5 $2 Bd7 $11 42. Nf3 (42. Qd1 $1 $16 ) 42... Ba4 $2 (42... Be8 $1 $11 {and Black stays safe.}) 43. Rd2 $2 (43. Rg8 $18 {White threatens Qxc5 and mate.} Be8 44. Ng5 $1) 43... Qb5 {[%emt 0:00:00] [#]} (43... Ke8 $14) 44. Qc3 {[%emt 0:01:54] Weighted Error Value: White=0.68/Black=0.76} ({Avoid the trap} 44. Qxa7 $2 c3 45. Nd4 (45. Qa8+ $2 Ke7 $19) 45... Qc4+ 46. b3 Bxb3+ 47. Nxb3 cxd2 48. Qa5+ Ke7 49. Qxd2 Bh6 $19) (44. Ng5 $1 $18 Qd7 45. Qg1) 1/2-1/2

[Event "GER-ch Youth-U14 2022"]
[Site "Willingen"]
[Date "2022.06.08"]
[Round "6.7"]
[White "Wunderlich, Elias"]
[Black "Haubold, Sebastian Marcel"]
[Result "1/2-1/2"]
[ECO "C88"]
[WhiteElo "1619"]
[BlackElo "1869"]
[Annotator "NA RC COMBH"]
[PlyCount "108"]
[EventDate "2022.06.05"]
[EventType "swiss"]
[EventRounds "9"]
[EventCountry "GER"]
[SourceTitle "playchess.com"]
[Source "ChessBase"]
[SourceQuality "1"]
[TimeControl "40/4500+30:900+30"]

1. e4 e5 2. Nf3 Nc6 3. Bb5 a6 4. Ba4 Nf6 5. O-O Be7 6. Re1 b5 7. Bb3 O-O 8. a4 d5 9. exd5 Na5 10. Nxe5 Bb7 11. Nc6 Nxc6 12. dxc6 Bxc6 13. axb5 axb5 14. Rxa8 Bxa8 15. Qe2 Bd6 16. d4 Qd7 17. f3 Qf5 18. Nd2 Qf4 19. Nf1 Qxd4+ 20. Be3 Qe5 21. Qd3 Qh5 22. c3 Nd7 23. Ng3 Qh4 24. Qxb5 Ne5 25. Bf2 Bc6 26. Qe2 Rb8 27. Bc2 Re8 28. Qd1 Re6 29. Ne4 Qh5 30. Nxd6 Bxf3 31. Rxe5 Bxd1 32. Rxh5 Bxh5 33. Nc4 Bg6 34. Bd1 Bd3 35. Ne3 Ra6 36. Bg3 c5 37. b4 cxb4 38. cxb4 Ra2 39. Bd6 h6 40. h3 Kh7 41. Kh2 f5 42. h4 g5 43. hxg5 hxg5 44. Bf3 Kg6 45. Bd5 Rd2 46. Bc5 f4 47. Ng4 Be2 48. Be4+ Kg7 49. Kh3 Rd8 50. g3 Rh8+ 51. Kg2 Bxg4 52. Bd4+ Kg8 53. Bxh8 Kxh8 54. gxf4 gxf4 1/2-1/2

[Event "GER-ch Youth-U14 2022"]
[Site "Willingen"]
[Date "2022.06.08"]
[Round "6.8"]
[White "Campora, Daniel H."]
[Black "Fruth, David"]
[Result "1-0"]
[ECO "A57"]
[WhiteElo "2397"]
[BlackElo "1648"]
[Annotator "TA"]
[PlyCount "81"]
[EventDate "2022.06.05"]
[EventType "swiss"]
[EventRounds "9"]
[EventCountry "GER"]
[SourceTitle "playchess.com"]
[Source "ChessBase"]
[SourceQuality "1"]
[TimeControl "40/4500+30:900+30"]

1. d4 Nf6 2. c4 c5 3. d5 b5 4. f3 bxc4 5. e4 d6 6. Ne2 {[%emt 0:00:00] A57: Benko/Volga Gambit.} g6 7. Nec3 Bg7 8. Na3 {[%emt 0:00:00] White has an edge.} O-O 9. Nxc4 Nbd7 {[%emt 0:00:00][%cal Bb8d7,Bd7b6,Bb6a4,Ba4c3][%mdl 32] [#]} 10. Be3 $146 ({Predecessor:} 10. Be2 Nb6 11. O-O Nxc4 12. Bxc4 Nd7 13. a4 Ne5 14. Be2 Rb8 15. f4 Nd7 16. a5 {1-0 (39) Morozevich,A (2683)-Tregubov,P (2586) Sochi 2016}) 10... Nb6 11. Qd2 Rb8 12. Na3 Re8 13. Bb5 Bd7 14. Bxd7 Qxd7 15. O-O Na4 16. Qc2 Nxc3 (16... Nxb2 17. Rab1 $16) 17. bxc3 Qc7 18. Qa4 e6 19. dxe6 Rxe6 20. Bf2 Nd7 21. Rab1 Ree8 (21... Bxc3 $2 22. Rxb8+ (22. Nb5 Rxb5 23. Qxb5 Nb6 $16) 22... Nxb8 23. Nb5 $18) 22. c4 Nb6 23. Qa6 Qe7 24. Bg3 h5 25. h3 Bd4+ 26. Kh1 $1 Rbd8 27. Nb5 Nxc4 $2 {[%emt 0:00:38][%mdl 8192] Loses the game.} (27... Be5 $1 $11 {and Black has nothing to worry.} 28. Nxa7 Ra8 29. Bxe5 (29. Rxb6 $2 Rxa7 30. Qb5 Bxg3 $19) (29. Qxb6 Bxg3 30. Nc6 Qe6 $15) 29... Rxa7 30. Qxb6 dxe5) 28. Nxd4 $18 {[%emt 0:00:40][%mdl 64] And now Nc6 would win. Discovered Attack} cxd4 29. Qxc4 {[%emt 0:00:07] White is clearly winning.} Qg5 {[%emt 0:00:58] [#]} 30. Rb7 $1 Rf8 31. Bf2 d3 32. Qxd3 d5 33. exd5 Rxd5 34. Qe3 Qd8 35. Qxa7 {[%emt 0:01:24] [#] Threatens to win with Bc5.} Qg5 36. Qe3 Qd8 37. Qe7 Qc8 38. Rc7 Qa6 39. Rfc1 {[%emt 0:01:21] Black must now prevent R1c6.} Rd2 40. Bc5 Rdd8 41. a3 {[%emt 0:22:08] Weighted Error Value: White=0.22 (precise) /Black=0.54} 1-0

[Event "GER-ch Youth-U14 2022"]
[Site "Willingen"]
[Date "2022.06.08"]
[Round "6.9"]
[White "Mader, Fabian"]
[Black "Kocharin, Timur"]
[Result "0-1"]
[ECO "B30"]
[WhiteElo "1652"]
[BlackElo "1867"]
[Annotator "NA RC COMBH"]
[PlyCount "96"]
[EventDate "2022.06.05"]
[EventType "swiss"]
[EventRounds "9"]
[EventCountry "GER"]
[SourceTitle "playchess.com"]
[Source "ChessBase"]
[SourceQuality "1"]
[TimeControl "40/4500+30:900+30"]

1. e4 c5 2. Nf3 Nc6 3. Bb5 e6 4. O-O Nge7 5. c3 d5 6. exd5 Nxd5 7. d4 cxd4 8. Nxd4 Bd7 9. Bxc6 bxc6 10. c4 Nb6 11. Qe2 Be7 12. Rd1 Rc8 13. Nc3 Qc7 14. b3 O-O 15. Bb2 e5 16. Nf3 f6 17. h3 Rfd8 18. Rd2 Be8 19. Rad1 Rd7 20. Ne1 Rcd8 21. Nd3 Bg6 22. Ne4 Nc8 23. Ndc5 Rxd2 24. Rxd2 Rxd2 25. Qxd2 Nb6 26. Qe2 Nd5 27. cxd5 cxd5 28. Na6 Qc8 29. Nc3 d4 30. Nd5 Bf8 31. Qc4 Qxc4 32. bxc4 Bd3 33. Ndb4 Bxc4 34. f3 Bd6 35. Kf2 Kf7 36. Bc1 Ke6 37. Bd2 Kd7 38. Ke1 Kc8 39. Kd1 Kb7 40. Kc2 Bxa6 41. Nxa6 Kxa6 42. a4 Kb6 43. Kd3 Kc5 44. Be1 Kd5 45. Bd2 f5 46. Ba5 e4+ 47. fxe4+ fxe4+ 48. Kc2 Kc4 0-1

[Event "GER-ch Youth-U14 2022"]
[Site "Willingen"]
[Date "2022.06.08"]
[Round "6.10"]
[White "Krüger, Arthur"]
[Black "Sommer, Justus"]
[Result "1/2-1/2"]
[ECO "C47"]
[WhiteElo "1988"]
[BlackElo "1868"]
[Annotator "TA"]
[PlyCount "52"]
[EventDate "2022.06.05"]
[EventType "swiss"]
[EventRounds "9"]
[EventCountry "GER"]
[SourceTitle "playchess.com"]
[Source "ChessBase"]
[SourceQuality "1"]
[TimeControl "40/4500+30:900+30"]

1. e4 e5 2. Nf3 Nc6 3. Nc3 Nf6 4. d4 exd4 5. Nxd4 Bb4 6. Nxc6 bxc6 7. Bd3 O-O 8. O-O d5 9. exd5 cxd5 10. h3 {[%emt 0:00:00] C47: Scotch Four Knights and Four Knights with 4 g3.} c6 11. Qf3 Re8 12. Bf4 Be6 13. a3 Bd6 14. Ne2 {[%emt 0:00:00][%cal Bc3e2,Be2d4,Bd4c6][%mdl 32] [#]} Rb8 $146 ({Predecessor:} 14... Ne4 15. Bxd6 Qxd6 16. Bxe4 dxe4 17. Qe3 Qe5 18. Qc3 Qg5 19. Rfd1 Bd5 20. Qe3 Qe5 {½-½ (32) Roger,M (2173)-Mannion,S (2365) Cappelle la Grande 2014}) 15. Rab1 Qc7 16. Rfd1 Nd7 17. Bxd6 Qxd6 18. Nd4 Nc5 19. Bf1 Nd7 20. c4 Nf6 21. c5 ({White should play} 21. b4 $16) 21... Qxc5 $11 {[%emt 0:06:29] The position is equal.} 22. Rbc1 Qb6 23. Nxc6 Rbc8 24. Nb4 h6 25. Qf4 a5 26. Nd3 Rc4 {[%emt 0:05:16] Weighted Error Value: White=0.10 (very precise) /Black=0.12 (very precise)} 1/2-1/2

[Event "GER-ch Youth-U14 2022"]
[Site "Willingen"]
[Date "2022.06.08"]
[Round "6.11"]
[White "Luebke, Florentin"]
[Black "Winkler, Yonathan"]
[Result "1-0"]
[ECO "B07"]
[WhiteElo "1613"]
[BlackElo "1699"]
[Annotator "NA RC COMBH"]
[PlyCount "85"]
[EventDate "2022.06.05"]
[EventType "swiss"]
[EventRounds "9"]
[EventCountry "GER"]
[SourceTitle "playchess.com"]
[Source "ChessBase"]
[SourceQuality "1"]
[TimeControl "40/4500+30:900+30"]

1. e4 d6 2. d4 Nf6 3. Nc3 Nbd7 4. Be3 e5 5. d5 c6 6. dxc6 bxc6 7. Bc4 Qc7 8. f3 Be7 9. Qd2 Rb8 10. Bb3 h6 11. Nge2 Nf8 12. g4 g5 13. Ng3 Ng6 14. O-O-O Qb7 15. Nf5 Bxf5 16. gxf5 Nf4 17. h4 Rg8 18. hxg5 hxg5 19. Rh6 Qd7 20. Kb1 Rd8 21. Ba4 Qb7 22. Bxf4 gxf4 23. Nd5 Rb8 24. Bxc6+ Qxc6 25. Nxf6+ Bxf6 26. Rxf6 Rb6 27. b3 Ke7 28. Qh2 Rc8 29. Rh6 Qc3 30. f6+ Kd7 31. Rh7 Qc4 32. Rd5 Rf8 33. Qh5 Ke8 34. Qh6 Qf1+ 35. Kb2 Rg8 36. Qh5 Rf8 37. Rxe5+ dxe5 38. Qxe5+ Kd7 39. Qe7+ Kc6 40. Qxf8 Qf2 41. Qc8+ Kd6 42. Qd8+ Kc6 43. Qd5+ 1-0

[Event "GER-ch Youth-U14 2022"]
[Site "Willingen"]
[Date "2022.06.08"]
[Round "6.12"]
[White "Torosyan, Bagrat"]
[Black "Sauer, Tim"]
[Result "1-0"]
[ECO "B35"]
[WhiteElo "1683"]
[BlackElo "1769"]
[Annotator "NA RC COMBH"]
[PlyCount "87"]
[EventDate "2022.06.05"]
[EventType "swiss"]
[EventRounds "9"]
[EventCountry "GER"]
[SourceTitle "playchess.com"]
[Source "ChessBase"]
[SourceQuality "1"]
[TimeControl "40/4500+30:900+30"]

1. e4 c5 2. Nf3 g6 3. d4 cxd4 4. Nxd4 Bg7 5. Nc3 Nc6 6. Be3 Nf6 7. Bc4 Qa5 8. O-O O-O 9. Bb3 d6 10. h3 Bd7 11. Re1 Nxd4 12. Bxd4 Bc6 13. Nd5 Bxd5 14. exd5 Rfe8 15. c3 Rac8 16. Qf3 b5 17. Re2 Nd7 18. Rae1 Ne5 19. Qg3 Qc7 20. f4 Nc4 21. Qh4 f6 22. Qg4 Rb8 23. h4 Rb7 24. h5 Kf7 25. hxg6+ hxg6 26. Qe6+ Kf8 27. Bc2 Qd7 28. Bxg6 Qxe6 29. Rxe6 Rc8 30. g4 Bh6 31. g5 fxg5 32. Bf5 Bg7 33. Bxg7+ Kxg7 34. Rg6+ Kf7 35. Bxc8 Rc7 36. Bf5 gxf4 37. Rg2 Ne3 38. Be6+ Kf6 39. Rg8 Rb7 40. Kf2 b4 41. Kf3 bxc3 42. Rf8+ Kg6 43. Rg1+ Kh7 44. Rxf4 1-0

[Event "GER-ch Youth-U14 2022"]
[Site "Willingen"]
[Date "2022.06.08"]
[Round "6.13"]
[White "Schwan, Aaron"]
[Black "Weyerer, Noah"]
[Result "1/2-1/2"]
[ECO "C00"]
[WhiteElo "1671"]
[BlackElo "1555"]
[Annotator "NA RC COMBH"]
[PlyCount "57"]
[EventDate "2022.06.05"]
[EventType "swiss"]
[EventRounds "9"]
[EventCountry "GER"]
[SourceTitle "playchess.com"]
[Source "ChessBase"]
[SourceQuality "1"]
[TimeControl "40/4500+30:900+30"]

1. e4 e6 2. d4 d5 3. Bd3 Nf6 4. e5 Nfd7 5. c3 c5 6. f4 Nc6 7. Nf3 Qb6 8. Bc2 Be7 9. O-O O-O 10. a3 f6 11. Kh1 c4 12. Rg1 Qc7 13. g4 b5 14. Qf1 fxe5 15. fxe5 Qd8 16. Qh3 g6 17. Nbd2 Rf7 18. Nf1 Bb7 19. Ne3 Ncxe5 20. Nxe5 Nxe5 21. dxe5 d4+ 22. Ng2 d3 23. Bxd3 cxd3 24. Be3 Rf3 25. Qh6 Bf8 26. Qg5 Be7 27. Qh6 Bf8 28. Qg5 Be7 29. Qh6 1/2-1/2

[Event "GER-ch Youth-U14 2022"]
[Site "Willingen"]
[Date "2022.06.08"]
[Round "6.14"]
[White "Braeutigam, Alexander"]
[Black "Uhlmann, Tim"]
[Result "1/2-1/2"]
[ECO "D32"]
[WhiteElo "1749"]
[BlackElo "1776"]
[Annotator "NA RC COMBH"]
[PlyCount "85"]
[EventDate "2022.06.05"]
[EventType "swiss"]
[EventRounds "9"]
[EventCountry "GER"]
[SourceTitle "playchess.com"]
[Source "ChessBase"]
[SourceQuality "1"]
[TimeControl "40/4500+30:900+30"]

1. d4 d5 2. c4 e6 3. Nc3 c5 4. cxd5 exd5 5. Nf3 Nc6 6. dxc5 d4 7. Na4 Bxc5 8. Nxc5 Qa5+ 9. Qd2 Qxc5 10. e3 dxe3 11. Qxe3+ Qxe3+ 12. Bxe3 Nf6 13. Bb5 Bd7 14. O-O O-O 15. h3 a6 16. Be2 Nd5 17. Bc5 Rfe8 18. Bc4 Nf4 19. Rfe1 Be6 20. Bxe6 Nxe6 21. Bb6 Re7 22. Re2 Rae8 23. Rae1 f6 24. Nd2 Nf4 25. Rxe7 Rxe7 26. Rxe7 Nxe7 27. Nc4 Ned5 28. Bc5 Nd3 29. Bd4 N5b4 30. a3 Nc6 31. Bc3 b5 32. Nd6 b4 33. axb4 Ncxb4 34. Bxb4 Nxb4 35. Kf1 Nd3 36. Nc4 Kf7 37. Ke2 Nf4+ 38. Kf3 g5 39. h4 Ke6 40. g3 Nd3 41. hxg5 fxg5 42. Ke3 Nb4 43. Ke4 1/2-1/2

[Event "GER-ch Youth-U14 2022"]
[Site "Willingen"]
[Date "2022.06.08"]
[Round "6.15"]
[White "Sinka, Silas"]
[Black "Huber, Benedikt"]
[Result "0-1"]
[ECO "D31"]
[WhiteElo "1386"]
[BlackElo "2288"]
[Annotator "TA"]
[PlyCount "140"]
[EventDate "2022.06.05"]
[EventType "swiss"]
[EventRounds "9"]
[EventCountry "GER"]
[SourceTitle "playchess.com"]
[Source "ChessBase"]
[SourceQuality "1"]
[TimeControl "40/4500+30:900+30"]

1. d4 d5 2. c4 e6 3. Nc3 Be7 4. Bf4 Nf6 5. e3 Nbd7 6. Nf3 O-O {[%emt 0:00:00] 6...0-0 is better than 6...c6.} 7. Qc2 a6 8. h3 {[%emt 0:00:00] D37: Queen's Gambit Declined: 5 Bf4.} (8. Rd1 $142) 8... c5 9. cxd5 exd5 10. Be2 {[%emt 0:00:00] [#] White has an edge.} c4 $146 ({Predecessor:} 10... b5 11. a3 Bb7 12. dxc5 Nxc5 13. O-O Rc8 14. Rad1 Nce4 15. Be5 b4 16. axb4 Bxb4 {1-0 (29) Ganner,T (1462)-Wiggins,A (1702) Amersham 2012}) 11. O-O b5 $1 12. e4 (12. a3 $11) 12... dxe4 $17 13. Nxe4 Bb7 14. Nd6 Bxd6 15. Bxd6 Re8 16. Rad1 Qb6 17. Bh2 Nd5 18. a3 (18. Ng5 Qh6 19. Nf3 Nb4 $17) 18... N7f6 {[%emt 0:09:15] Black is more active. Pair of Knights!} (18... Nf8 $17) 19. Ne5 $15 Rac8 20. Bf3 a5 21. Bxd5 (21. Ng4 $15) 21... Nxd5 $17 22. Nd7 (22. Qf5 $2 f6 23. Nf3 c3 24. bxc3 Nxc3 $19) 22... Qc6 23. Nc5 (23. Ne5 $17 Qe6 24. Rfe1) 23... Nb4 24. d5 Nxd5 25. Nxb7 Qxb7 26. Rd4 Rcd8 ({Black should play} 26... c3 $17 {aiming for ...b4.} 27. Bd6 Qc6) 27. Rfd1 $11 Rd7 $40 {[%emt 0:00:46][%cal Od7e7][%mdl 128] Black attacks.} 28. Qf5 {[%emt 0:11:55] [#]} (28. Bg3 $1 $11) 28... Nf6 (28... g6 29. Qf3) (28... Qc6 $1 $15) 29. Rxd7 Nxd7 30. Bf4 ({Of course not} 30. a4 bxa4 $1 31. Bg3 Nf6 32. Qxa5 Qxb2 33. Qxa4 Qe2 $17) 30... Nf6 31. Bg5 Qc6 32. Bxf6 gxf6 {[%emt 0:03:20][%mdl 4096] Endgame KQR-KQR} 33. Kf1 (33. Rd5 $11) 33... Re5 $17 34. Qd7 Qe4 35. Qg4+ Qxg4 36. hxg4 {[%emt 0:00:04][%cal Oa3a4] KR-KR} a4 37. Rd8+ Kg7 38. Rb8 Kh6 (38... f5 $17 39. gxf5 Rxf5) 39. f4 $15 Rc5 40. Rb6 c3 ({Better is} 40... Kg6 $17) 41. bxc3 $11 Kg7 ({Much worse is} 41... Rxc3 $6 42. Rxf6+ Kg7 43. Rf5 $17) 42. Kf2 Rxc3 43. Rxb5 Rxa3 44. Ra5 Kg6 45. Ke2 Ra1 46. Kf2 (46. Ke3 $11) 46... Kg7 47. Kg3 h6 (47... a3 $17 {And now ...a2 would win.} 48. Ra6 a2) 48. Kf2 (48. f5 $11 {keeps the balance.}) 48... a3 $17 49. Kg3 {[%emt 0:00:00] [#]} Kf8 $1 50. g5 $2 {[%emt 0:00:00] Loses the game.} (50. Ra8+ $17 Ke7 51. Ra7+ Ke6 52. f5+ Kd6 53. Rxf7) 50... hxg5 51. fxg5 fxg5 52. Rxg5 Ra2 53. Ra5 Ke7 54. Kf4 Kd6 55. g4 f6 56. Kf5 $2 (56. Kg3 {was worth a try.}) 56... Rf2+ $19 57. Kg6 $2 (57. Ke4 a2 58. Ke3) 57... a2 58. Ra6+ Kc5 {[%emt 0:00:00] ...Kb4 is the strong threat.} 59. Ra5+ Kb4 60. Rxa2 Rxa2 {[%emt 0:00:00] Black mates.} 61. Kxf6 {[%emt 0:00:00] KR-KP} Rf2+ 62. Kg6 Kc5 63. g5 Kd6 64. Kh7 Rh2+ 65. Kg7 Ke7 66. g6 Ra2 67. Kh8 Ra8+ 68. Kg7 Ke6 69. Kh7 Kf6 70. g7 {[%emt 0:00:16] [#]} Kf7 $1 {[%emt 0:00:00] Weighted Error Value: White=0.56/Black=0.20 (precise)} ({And not} 70... Ra7 71. Kh8 Rxg7 $11) 0-1

[Event "GER-ch Youth-U14 2022"]
[Site "Willingen"]
[Date "2022.06.08"]
[Round "6.16"]
[White "Kieselbach, Jannik"]
[Black "Goepfert, Gregor"]
[Result "1-0"]
[ECO "C44"]
[WhiteElo "1631"]
[BlackElo "1446"]
[Annotator "NA RC COMBH"]
[PlyCount "162"]
[EventDate "2022.06.05"]
[EventType "swiss"]
[EventRounds "9"]
[EventCountry "GER"]
[SourceTitle "playchess.com"]
[Source "ChessBase"]
[SourceQuality "1"]
[TimeControl "40/4500+30:900+30"]

1. e4 e5 2. Nf3 Nc6 3. d4 exd4 4. Nxd4 Bb4+ 5. c3 Bc5 6. Be3 Bb6 7. Bc4 Nf6 8. Nd2 O-O 9. O-O d6 10. f3 Nd7 11. Bf2 Nce5 12. Be2 Nc5 13. Nc4 Nxc4 14. Bxc4 Kh8 15. Qc2 Be6 16. Nxe6 Nxe6 17. Bxe6 fxe6 18. c4 Qg5 19. Bxb6 axb6 20. a3 Ra5 21. Qc3 Qg6 22. Rae1 Rg5 23. Rf2 e5 24. a4 Qe6 25. b3 Rg6 26. a5 bxa5 27. Qxa5 b6 28. Qa7 Qd7 29. Qb7 h5 30. Kh1 h4 31. Qd5 h3 32. g3 Rgf6 33. Ref1 Qe8 34. f4 Qg6 35. f5 Qg4 36. Qd3 g6 37. Qf3 Qxf3+ 38. Rxf3 gxf5 39. exf5 e4 40. Rf4 e3 41. g4 e2 42. Re1 Re6 43. Rf3 Kg7 44. Rxh3 Re4 45. Rg3 Kf6 46. Kg2 Kg5 47. h3 b5 48. cxb5 d5 49. Kf2 Rfe8 50. Rf3 Kf6 51. g5+ Kxg5 52. f6 Rf4 53. Rxf4 Kxf4 54. Rxe2 Rf8 55. Re6 Kf5 56. Rc6 d4 57. Ke2 Ke4 58. Kd2 Rf7 59. h4 Rh7 60. Re6+ Kd5 61. Re7 Rxh4 62. f7 Rf4 63. Rxc7 Rf2+ 64. Ke1 Rf4 65. b6 Kd6 66. Kd2 Rf3 67. Ke2 Rf6 68. Kd3 Rf4 69. b4 Rf3+ 70. Kxd4 Rf1 71. Kc4 Rf5 72. Kb3 Rf3+ 73. Ka4 Rf5 74. b5 Rf1 75. Kb3 Rf5 76. Kc3 Rf3+ 77. Kd4 Rf4+ 78. Ke3 Rf5 79. Ke4 Rf1 80. Rc6+ Kd7 81. b7 Re1+ 1-0